[Event "*** SCC Grand Prix: Titled Tuesday Blitz"]
[Site "Chess.com"]
[Date "2020.06.09"]
[Round "6"]
[White "BillieKimbah"]
[Black "sonicdravise"]
[Result "1-0"]
[WhiteElo "2855"]
[BlackElo "2555"]
[TimeControl "180+1"]
[EndTime "10:06:31 PDT"]
[Termination "BillieKimbah won by checkmate"]

1. e4 c5 2. Nf3 d6 3. c3 Nf6 4. h3 g6 5. Bb5+ Bd7 6. Bxd7+ Qxd7 7. Qe2 Bg7 8. O-O O-O 9. d4 d5 10. e5 Ne4 11. Nbd2 Nxd2 12. Bxd2 cxd4 13. cxd4 Nc6 14.
Rfe1 Nd8 15. Be3 Ne6 16. h4 h5 17. Nh2 Rac8 18. Rad1 Rc4 19. b3 Rc3 20. g4 hxg4 21. Nxg4 Rfc8 22. Qf3 Nf8 23. h5 Qf5 24. Qxf5 gxf5 25.
Nh2 Kh7 26. Bg5 e6 27. Bd2 Rc2 28. Nf3 Bh6 29. Ng5+ Bxg5 30. Bxg5 Nd7 31. Re3 Rxa2 32. Rg3 Rac2 33. Be3 Rg8 34. Kh2 Rxg3 35. Kxg3 Nb8 36. Kh4 Nc6 37. Kg5 Nd8 38. Kf6 Rc7 39. Rg1 a5 40. h6 b5 41. Rg7+ Kh8 42. h7 Rd7 43. Bh6 a4 44. bxa4 bxa4 45. Rg3 Nc6 46. Bg7+ Kxh7 47.
Rh3+ Kg8 48. Rh8# 1-0

[Event "*** SCC Grand Prix: Titled Tuesday Blitz"]
[Site "Chess.com"]
[Date "2020.06.09"]
[Round "6"]
[White "jacky72"]
[Black "Anna_ChessMate"]
[Result "1-0"]
[WhiteElo "2685"]
[BlackElo "2513"]
[TimeControl "180+1"]
[EndTime "10:06:31 PDT"]
[Termination "jacky72 won by resignation"]

1. b4 e5 2. Bb2 Bxb4 3. Bxe5 Nf6 4. g3 O-O 5. Bg2 Nc6 6. Bb2 Re8 7. Nf3 d5 8. O-O Bd6 9. d3 Bg4 10. Nbd2 Ne5 11.
Rb1 b6 12. Nd4 c5 13. Nb5 Bb8 14. Nf3 a6 15. Na3 Nxf3+ 16. exf3 Be6 17. c4 d4 18. f4 Ra7 19. Nc2 Rae7 20. Bc1 Bg4 21. Bf3 Qd7 22. Rxb6 Bxf3 23. Qxf3 Qa4 24. Na3 Bc7 25.
Qc6 Qa5 26. Rb7 h6 27. Nb1 Qxa2 28. Ba3 Ng4 29. Qf3 Ne3 30. fxe3 Rxe3 31. Rb2 Qa1 32. Qf2 Ba5 33. Bxc5 Bc3 34. Nxc3 Qa5 35. Bxd4 Rxd3 36. Nd5 Qa4 37. Nb6 Qc6 38. Rd2 Ra3 39. c5 Rb3 40. Be5 f6 41. Bd6 Qb5 42. Re1 Rd8 43. Rde2 Kh7 44. Qd4 a5 45. Qe4+ Kh8 46. Qg6 Rg8 47. Re8 Rb2 1-0

[Event "*** SCC Grand Prix: Titled Tuesday Blitz"]
[Site "Chess.com"]
[Date "2020.06.09"]
[Round "6"]
[White "Kislov_Oleg"]
[Black "chesslh19"]
[Result "1-0"]
[WhiteElo "2398"]
[BlackElo "2120"]
[TimeControl "180+1"]
[EndTime "10:06:32 PDT"]
[Termination "Kislov_Oleg won by resignation"]

1. e4 e5 2. Nf3 Nf6 3. Nxe5 d6 4.
Nf3 Nxe4 5. Nc3 Nxc3 6. dxc3 Be7 7. Bf4 Nc6 8. Qd2 Be6 9. O-O-O Qd7 10. Bb5 a6 11. Ba4 O-O-O 12. Nd4 b5 13. Nxe6 fxe6 14. Bb3 Na5 15. Rhe1 Nxb3+ 16. cxb3 Bf6 17. c4 Kb7 18. Kb1 Rhe8 19. Rc1 h6 20. Red1 g5 21. Be3 Qh7+ 22.
Ka1 Qf5 23. Qa5 bxc4 24. Qb4+ Qb5 25. Rxc4 Qxb4 26. Rxb4+ Kc6 27. Rc1+ Kd7 28. Rb7 Rc8 29. Bb6 Be5 30. Bxc7 Bf4 31. Bb6+ Rc7 32. Rcxc7+ 1-0

[Event "*** SCC Grand Prix: Titled Tuesday Blitz"]
[Site "Chess.com"]
[Date "2020.06.09"]
[Round "6"]
[White "Rinas_Oleg"]
[Black "MichailovM"]
[Result "0-1"]
[WhiteElo "2227"]
[BlackElo "2446"]
[TimeControl "180+1"]
[EndTime "10:06:32 PDT"]
[Termination "MichailovM won by resignation"]

1. e4 c5 2. Nf3 d6 3. d4 cxd4 4. Nxd4 Nf6 5. Nc3 g6 6. Be3 Bg7 7. f3 O-O 8. Qd2 Nc6 9. Bc4 Bd7 10. O-O-O Rc8 11. Bb3 Ne5 12. Kb1 Nc4 13. Bxc4 Rxc4 14. h4 h5 15. g4 hxg4 16. h5 Nxh5 17. fxg4 Bxg4 18. Rdg1 Qc8 19. Nd5 Re8 20. c3 e6 21.
Rxg4 exd5 22. Rg5 Nf6 23. exd5 Ne4 24. Qh2 Nxg5 25. Bxg5 Rxd4 26. cxd4 Qf5+ 27. Ka1 Qxg5 28. Qxd6 Rd8 29. Qc7 Qxd5 30. Rf1 Bxd4 31. a3 Be5 32. Qc2 Qd2 33. Qb3 Rd7 34. Rh1 Qxb2+ 35. Qxb2 Bxb2+ 36. Kxb2 Kg7 0-1

[Event "*** SCC Grand Prix: Titled Tuesday Blitz"]
[Site "Chess.com"]
[Date "2020.06.09"]
[Round "6"]
[White "pheonixking2000"]
[Black "ChessWarrior7197"]
[Result "0-1"]
[WhiteElo "2780"]
[BlackElo "2948"]
[TimeControl "180+1"]
[EndTime "10:06:34 PDT"]
[Termination "ChessWarrior7197 won on time"]

1. c4 e6 2. Nc3 d5 3. d4 c5 4. cxd5 exd5 5. Nf3 Nc6 6. g3 Nf6 7. Bg2 cxd4 8. Nxd4 Bc5 9. Nb3 Bb6 10. O-O d4 11. Na4 O-O 12. Bg5 Re8 13. Nxb6 axb6 14. Bxc6 bxc6 15. Qxd4 Qxd4 16. Nxd4 c5 17. Nb5 Rxe2 18.
Rfe1 Rxe1+ 19. Rxe1 Bb7 20. Bxf6 gxf6 21. Nd6 Bc6 22. a3 Rd8 23. Nf5 Kf8 24. Rc1 Rd2 25. b4 c4 26. g4 b5 27. h4 Bd7 28. Ne3 Ra2 29. Rd1 Be8 30. Nd5 Rxa3 31. Nxf6 c3 32.
Rd8 Ke7 33. Rxe8+ Kxf6 34. Rc8 Ke5 35. Kf1 Kd4 36. Rc5 Rb3 37. Ke2 Rxb4 38. Rc7 Rb1 39. Rd7+ Kc4 40. Rxf7 c2 41. Rc7+ Kb3 0-1

[Event "*** SCC Grand Prix: Titled Tuesday Blitz"]
[Site "Chess.com"]
[Date "2020.06.09"]
[Round "6"]
[White "Nor1lsk"]
[Black "Gloomy_Wanderer"]
[Result "0-1"]
[WhiteElo "2599"]
[BlackElo "2787"]
[TimeControl "180+1"]
[EndTime "10:06:35 PDT"]
[Termination "Gloomy_Wanderer won on time"]

1. e4 c5 2. d3 Nc6 3. g3 d5 4. Nd2 g6 5. Bg2 Nf6 6. c3 Bg7 7. f4 e5 8. Ne2 O-O 9. O-O Ng4 10. Nf3 d4 11. h3 Ne3 12. Bxe3 dxe3 13. Qc2 Qb6 14.
fxe5 Nxe5 15. Nxe5 Bxe5 16. Nf4 Be6 17. Qe2 Rad8 18.
Rad1 Bxa2 19. Qxe3 Qxb2 20. Ne2 Bxc3 21. Qxc5 Bg7 22. Rf2 Bb3 23. Rdf1 Rxd3 24. Nf4 Rd2 25. Nd5 Bd4 26. Nf6+ Kg7 0-1

[Event "*** SCC Grand Prix: Titled Tuesday Blitz"]
[Site "Chess.com"]
[Date "2020.06.09"]
[Round "6"]
[White "Sychev_Klementy"]
[Black "Gordima"]
[Result "0-1"]
[WhiteElo "2847"]
[BlackElo "2741"]
[TimeControl "180+1"]
[EndTime "10:06:37 PDT"]
[Termination "Gordima won on time"]

1. e4 Nf6 2. e5 Nd5 3. d4 d6 4. c4 Nb6 5. exd6 exd6 6. Nc3 Be7 7.
Bd3 O-O 8. Nge2 Na6 9. O-O c6 10. b3 Nb4 11. Bb1 d5 12. c5 Nd7 13. a3 Na6 14.
Ng3 g6 15. Bh6 Re8 16. Qd2 Bf8 17. Bg5 Be7 18. h4 Nc7 19. Bc2 Ne6 20. Bxe7 Qxe7 21. Qh6 Qf8 22. Qd2 Qe7 23. h5 Qh4 24. hxg6 hxg6 25.
Nge2 Kg7 26. f3 Rh8 27. Qe3 Nf6 28. Qe5 Bd7 29. Rad1 Rae8 30. Qg3 Qh6 31. f4 Kf8 32. f5 Ng5 33. fxg6 Ng4 0-1

[Event "*** SCC Grand Prix: Titled Tuesday Blitz"]
[Site "Chess.com"]
[Date "2020.06.09"]
[Round "6"]
[White "theblitzchamp"]
[Black "Oleksandr_Bortnyk"]
[Result "0-1"]
[WhiteElo "2693"]
[BlackElo "2950"]
[TimeControl "180+1"]
[EndTime "10:06:37 PDT"]
[Termination "Oleksandr_Bortnyk won on time"]

1. d4 d6 2. e4 Nf6 3. Nc3 Nbd7 4.
f4 e5 5. Nf3 exd4 6. Nxd4 g6 7.
Be3 Nc5 8. Qf3 Bg4 9. Qg3 h5 10.
Bd3 h4 11. Qf2 h3 12. Rg1 Qe7 13. gxh3 Rxh3 14. Rg3 Nfxe4 15. Nxe4 Nxe4 16. Bxe4 Qxe4 17. Rxh3 Qh1+ 18. Kd2 Qxa1 19. Rh7 Qxb2 20. Qh4 Qb4+ 21. c3 Qb2+ 22. Kd3 Bd7 23. Qf6 Qb1+ 24. Kd2 Qxa2+ 25.
Kd3 c5 26. Rh8 cxd4 27. Bxd4 Bb5+ 0-1

[Event "*** SCC Grand Prix: Titled Tuesday Blitz"]
[Site "Chess.com"]
[Date "2020.06.09"]
[Round "6"]
[White "stanyga"]
[Black "GM_LOADING"]
[Result "1-0"]
[WhiteElo "2655"]
[BlackElo "2488"]
[TimeControl "180+1"]
[EndTime "10:06:37 PDT"]
[Termination "stanyga won by resignation"]

1. g4 e5 2. Bg2 Ne7 3. d4 exd4 4.
Qxd4 Nbc6 5. Qa4 d6 6. Nc3 Bd7 7. h3 Ng6 8. Be3 Be7 9. O-O-O O-O 10. f4 Bf6 11. Nd5 Re8 12. g5 Be7 13. h4 Bf8 14.
Qb3 Nge7 15. Bf2 Be6 16. e4 Bg4 17. Bf3 Bxf3 18. Nxf3 Nxd5 19. exd5 Ne7 20. h5 Qd7 21. h6 g6 22. Rhg1 Nf5 23. Nh2 Re2 24. Ng4 Be7 25. Qd3 Rxf2 26. Nxf2 Qa4 27. Kb1 Qxf4 28. Ne4 c5 29.
dxc6 bxc6 30. Qc4 Qe5 31. Rge1 Kh8 32. Qxf7 Rb8 33. b3 Qa5 34. Nxd6 Nxd6 1-0

[Event "*** SCC Grand Prix: Titled Tuesday Blitz"]
[Site "Chess.com"]
[Date "2020.06.09"]
[Round "6"]
[White "WiktoriaPOL"]
[Black "Bubachess1608"]
[Result "1-0"]
[WhiteElo "2050"]
[BlackElo "2284"]
[TimeControl "180+1"]
[EndTime "10:06:37 PDT"]
[Termination "WiktoriaPOL won on time"]

1. c4 e5 2. Nc3 d6 3. g3 c6 4.
d4 f5 5. dxe5 dxe5 6. Qxd8+ Kxd8 7. Bg5+ Be7 8. O-O-O+ Kc7 9. Bxe7 Nxe7 10. e4 Na6 11.
Bg2 Be6 12. b3 Rad8 13. Nf3 Ng6 14. h4 Nc5 15. Ng5 Bg8 16. Kc2 f4 17. h5 Ne7 18.
gxf4 h6 19. Nh3 exf4 20. Nxf4 Bf7 21. f3 Rhf8 22. Nce2 Bg8 23. Bh3 a5 24. Bg4 Rd6 25.
Rxd6 Kxd6 26. Rd1+ Kc7 27. a3 Nc8 28. Ng6 Re8 29.
Kc3 Nd6 30. b4 1-0

[Event "*** SCC Grand Prix: Titled Tuesday Blitz"]
[Site "Chess.com"]
[Date "2020.06.09"]
[Round "6"]
[White "Vitor-Moraes"]
[Black "rududuyk"]
[Result "0-1"]
[WhiteElo "1960"]
[BlackElo "2188"]
[TimeControl "180+1"]
[EndTime "10:06:38 PDT"]
[Termination "rududuyk won by resignation"]

1. e4 e6 2. d4 d5 3. Nd2 Nf6 4. e5 Nfd7 5. Bd3 c5 6. c3 Nc6 7. Ne2 cxd4 8. cxd4 f6 9. exf6 Nxf6 10. Nf3 Bd6 11. O-O Qc7 12. h3 O-O 13. Bb1 e5 14.
dxe5 Nxe5 15. Nxe5 Bxe5 16. Qd3 Ne4 17. Qxd5+ Kh8 18.
Bxe4 Rd8 19. Qb3 Rb8 20. Be3 b6 21. Rac1 Qe7 22. Qc2 Ba6 23. Rfd1 Rf8 24. Nc3 Qh4 25. Bd3 Bc8 26. Be4 Bxh3 27. gxh3 Qxh3 28. Bg2 Bh2+ 29. Kf1 Qxe3 30. Qe2 Qg5 31. Rd5 Qxc1+ 32. Rd1 Qg5 33. Rd3 Rbe8 34. Qd2 Bf4 35. Qd1 Qc5 36. Ne4 Qb5 37. Nd6 0-1

[Event "*** SCC Grand Prix: Titled Tuesday Blitz"]
[Site "Chess.com"]
[Date "2020.06.09"]
[Round "6"]
[White "jonaszmb"]
[Black "Fortitudine"]
[Result "1-0"]
[WhiteElo "2421"]
[BlackElo "2261"]
[TimeControl "180+1"]
[EndTime "10:06:39 PDT"]
[Termination "jonaszmb won by checkmate"]

1. e4 c5 2. Nf3 d6 3. d4 cxd4 4.
Nxd4 Nf6 5. Nc3 Nc6 6. Bc4 Qb6 7. Nb3 Bg4 8. f3 Bd7 9. Qe2 e6 10. Be3 Qc7 11. Rd1 Be7 12. O-O O-O 13. Bd3 a6 14. Kh1 b5 15. Rde1 Rac8 16. Nd1 Ne5 17. Nf2 Nc4 18. Bc1 a5 19. Bxc4 bxc4 20. Nd4 c3 21.
b3 a4 22. g4 axb3 23. axb3 Bc6 24. g5 Nd7 25. Ng4 Ne5 26. Nxe5 dxe5 27. Nxc6 Qxc6 28.
h4 Rfd8 29. Rd1 Bf8 30. Be3 g6 31. Rxd8 Rxd8 32. Rd1 Rxd1+ 33. Qxd1 Qb5 34. Kg2 Be7 35. Kf2 Kg7 36. Qe2 Qb4 37. Qc4 Qa5 38. Qa4 Qd8 39. Ke2 h6 40. gxh6+ Kh7 41. Qc4 Bxh4 42. Qxc3 Bg5 43.
Qxe5 Bxe3 44. Qg7# 1-0

[Event "*** SCC Grand Prix: Titled Tuesday Blitz"]
[Site "Chess.com"]
[Date "2020.06.09"]
[Round "6"]
[White "AniJak"]
[Black "novocane"]
[Result "0-1"]
[WhiteElo "2241"]
[BlackElo "2195"]
[TimeControl "180+1"]
[EndTime "10:06:39 PDT"]
[Termination "novocane won on time"]

1. e4 c5 2. Nc3 Nc6 3. g3 g6 4.
Bg2 Bg7 5. d3 d6 6. Nh3 e5 7. O-O Nge7 8. f4 Nd4 9. Be3 f5 10.
Qd2 O-O 11. Nd1 Rb8 12. c3 Ne6 13. fxe5 dxe5 14. exf5 gxf5 15. Bh6 b6 16. Bxg7 Kxg7 17. Qe2 Ng6 18. Ne3 f4 19. Ng4 Qd6 20. Rae1 fxg3 21. hxg3 Rxf1+ 22. Bxf1 Bb7 23. Nxe5 Re8 24. Kh2 Nef8 25.
d4 cxd4 26. cxd4 Qxd4 27. Rc1 Rxe5 28. Qg4 Qd5 29. Nf2 Rh5+ 0-1

[Event "*** SCC Grand Prix: Titled Tuesday Blitz"]
[Site "Chess.com"]
[Date "2020.06.09"]
[Round "6"]
[White "ARTHURMOTIVATOR"]
[Black "Quiet_Desperation"]
[Result "1-0"]
[WhiteElo "2270"]
[BlackElo "1901"]
[TimeControl "180+1"]
[EndTime "10:06:41 PDT"]
[Termination "ARTHURMOTIVATOR won on time"]

1. e4 e6 2. b3 d5 3. Bb2 Nf6 4. e5 Nfd7 5. Qg4 c5 6. f4 Nc6 7. Nf3 g6 8. Be2 Bg7 9. O-O O-O 10. c3 Qe7 11. Na3 a6 12. Nc2 f6 13. d4 f5 14. Qh3 h6 15. Kh1 b5 16. a4 Rb8 17.
axb5 axb5 18. g4 g5 19. fxg5 hxg5 20. Bd3 c4 21. Ba3 b4 22. Nxb4 Nxb4 23. Bxb4 Rxb4 24. gxf5 Rxb3 25. f6 Nxf6 26. exf6 Rxf6 27. Bh7+ Kf8 28. Ra8 Qb7 29. Raa1 e5 30. Qg3 e4 31. Ne5 Ke7 32.
Qxg5 Be6 33. Qxg7+ 1-0

[Event "*** SCC Grand Prix: Titled Tuesday Blitz"]
[Site "Chess.com"]
[Date "2020.06.09"]
[Round "6"]
[White "FMOlexandrProhorov"]
[Black "Haapana"]
[Result "0-1"]
[WhiteElo "2082"]
[BlackElo "2396"]
[TimeControl "180+1"]
[EndTime "10:06:42 PDT"]
[Termination "Haapana won by checkmate"]

1. e4 e6 2. Qe2 c5 3. g3 Nc6 4. Bg2 g6 5. h4 h6 6. Nf3 Bg7 7. c3 d6 8. O-O Nge7 9. Rd1 e5 10. Na3 Bg4 11. Nc4 Qd7 12. Ne3 Bh3 13. Bxh3 Qxh3 14.
Qf1 Qxf1+ 15. Kxf1 O-O 16. d3 f5 17. Ke2 Rf7 18.
Rf1 Raf8 19. Nd2 f4 20. Nd5 Nxd5 21. exd5 Ne7 22. c4 fxg3 23. fxg3 Nf5 24. Rxf5 gxf5 25. Rb1 b6 26. b4 Kh7 27. Bb2 Bf6 28. bxc5 bxc5 29. Bc3 Rg7 30. Kf3 Rfg8 31. Nf1 e4+ 32.
Kf4 Bxc3 33. Kxf5 exd3 34. Rd1 Rf8+ 35. Ke6 Be5 36. Rxd3 Rf6# 0-1

[Event "*** SCC Grand Prix: Titled Tuesday Blitz"]
[Site "Chess.com"]
[Date "2020.06.09"]
[Round "6"]
[White "i_am_sankalp"]
[Black "Kolle05"]
[Result "0-1"]
[WhiteElo "2187"]
[BlackElo "2364"]
[TimeControl "180+1"]
[EndTime "10:06:42 PDT"]
[Termination "Kolle05 won by resignation"]

1. e4 c5 2. Nf3 d6 3. d4 cxd4 4. Nxd4 Nf6 5. Nc3 a6 6. Bg5 e6 7. f4 h6 8. Bh4 Qb6 9. a3 Be7 10. Bf2 Qc7 11. Bd3 Nbd7 12. Qf3 b5 13. O-O-O Bb7 14.
Rhe1 O-O-O 15. Kb1 Kb8 16. Bxb5 axb5 17. Ndxb5 Qc6 18.
Rd4 Nc5 19. Rb4 d5 20. Bd4 Nfxe4 21. Nxe4 Nxe4 22. Be5+ Bd6 23. Nxd6 Nxd6 24. Re3 f6 25. Rc3 Qa6 26. Bxd6+ Rxd6 27. Qg3 Rd7 28. f5+ e5 29.
Rcb3 Rc8 30. Rb6 Qf1+ 31. Ka2 Rxc2 32. Qe3 Qc4 33. Rb4 Qc5 34. Qxc5 Rxc5 35. a4 Ka7 36. Ka3 d4 37. a5 Bd5 38. Ra4 0-1

[Event "*** SCC Grand Prix: Titled Tuesday Blitz"]
[Site "Chess.com"]
[Date "2020.06.09"]
[Round "6"]
[White "EvgenyRomanov"]
[Black "ehrenfeld"]
[Result "1-0"]
[WhiteElo "2669"]
[BlackElo "2504"]
[TimeControl "180+1"]
[EndTime "10:06:44 PDT"]
[Termination "EvgenyRomanov won on time"]

1. e4 e5 2. Nf3 Nc6 3. Bb5 a6 4. Ba4 Nf6 5. O-O Be7 6. Re1 b5 7. Bb3 d6 8. c3 O-O 9. h3 Na5 10.
Bc2 c5 11. d4 Qc7 12. Nbd2 Bd7 13. d5 c4 14. Nf1 Nb7 15. Ng3 Nc5 16. Be3 a5 17. b3 Rfc8 18. bxc4 bxc4 19. Nd2 Bb5 20. Nf5 h6 21. Qf3 Qd8 22. Bxh6 gxh6 23. Qg3+ Kf8 24.
Qg7+ Ke8 25. Nxh6 Kd7 26. Rab1 Rab8 27. Qxf7 Qf8 28. Qg6 Ba6 29. g4 Rxb1 30. Rxb1 Rb8 31.
g5 Rxb1+ 32. Bxb1 Ne8 33. Nf5 Bc8 34. h4 Kd8 35. Nxc4 Qh8 36. h5 Bxf5 37. exf5 Bxg5 38. Qxg5+ Kd7 39. Nxa5 Nf6 40. h6 Nxd5 41. Nc4 Ne7 42. f6 1-0

[Event "*** SCC Grand Prix: Titled Tuesday Blitz"]
[Site "Chess.com"]
[Date "2020.06.09"]
[Round "6"]
[White "fabianvivasz"]
[Black "Savva09022009"]
[Result "1-0"]
[WhiteElo "2292"]
[BlackElo "2420"]
[TimeControl "180+1"]
[EndTime "10:06:44 PDT"]
[Termination "fabianvivasz won by resignation"]

1. c4 e5 2. Nc3 Nf6 3. Nf3 Nc6 4. e4 Bb4 5. d3 Bc5 6. Nxe5 Bxf2+ 7. Kxf2 Nxe5 8. d4 Neg4+ 9. Kg1 O-O 10. e5 d6 11.
exf6 Qxf6 12. Ne4 Qg6 13. Nf2 Re8 14. Bd3 Nxf2 15. Kxf2 Qf6+ 16. Kg3 Bf5 17. Bxf5 Qxf5 18. Rf1 Qe4 19. Qf3 Qxd4 20. Qxf7+ Kh8 21. Bg5 h6 22. Bf4 Re2 23. Rae1 Rxe1 24. Rxe1 Qd3+ 25. Kf2 Kh7 26. Re7 Qd4+ 27. Be3 Qxb2+ 28. Kf3 d5 29. cxd5 c6 30. d6 Rg8 31. d7 c5 32. Re8 Qc3 1-0

[Event "*** SCC Grand Prix: Titled Tuesday Blitz"]
[Site "Chess.com"]
[Date "2020.06.09"]
[Round "6"]
[White "DishonorOnYourCow"]
[Black "GustavoJuarezF"]
[Result "1-0"]
[WhiteElo "2281"]
[BlackElo "1980"]
[TimeControl "180+1"]
[EndTime "10:06:44 PDT"]
[Termination "DishonorOnYourCow won on time"]

1. d4 Nf6 2. c4 e5 3. dxe5 Ng4 4. Bf4 Nc6 5. Nf3 Bb4+ 6. Nbd2 Qe7 7. g3 Ngxe5 8. Nxe5 Nxe5 9. Qb3 a5 10. Bg2 d6 11.
O-O Bxd2 12. Bxd2 O-O 13. Rac1 Nd7 14. Rfe1 Nc5 15. Qc2 Bd7 16. Be3 Rab8 17. Bxc5 dxc5 18. e4 Bc6 19. e5 Bxg2 20. Kxg2 b6 21. Rcd1 Rbd8 22.
Qe4 g6 23. Rd5 f5 24. Qf3 Qe6 25. Red1 Rde8 26. h4 Rf7 27. Qf4 Rfe7 28. Re1 Rd7 29. Qf3 c6 30. Rxd7 Qxd7 31. h5 Re6 32. hxg6 hxg6 33.
Qf4 Qe7 34. Qh6 Rxe5 35. Qxg6+ Kf8 36. Rh1 1-0

[Event "*** SCC Grand Prix: Titled Tuesday Blitz"]
[Site "Chess.com"]
[Date "2020.06.09"]
[Round "6"]
[White "Onischuk_V"]
[Black "ZAbdumalik"]
[Result "1-0"]
[WhiteElo "2900"]
[BlackElo "2730"]
[TimeControl "180+1"]
[EndTime "10:06:45 PDT"]
[Termination "Onischuk_V won by resignation"]

1. e4 e5 2. Nf3 Nc6 3. Bc4 Nf6 4. d3 h6 5. Nbd2 d6 6. c3 Be7 7.
Bb3 g5 8. Nf1 Be6 9. Ng3 Qd7 10.
Bxe6 fxe6 11. b4 a6 12. a4 Nd8 13. O-O Nf7 14. d4 exd4 15. cxd4 d5 16. e5 Ne4 17. Qc2 Nxg3 18. fxg3 Bxb4 19. a5 Be7 20. Be3 O-O-O 21.
Rab1 Rdf8 22. Rb2 Nd8 23. Rfb1 g4 24. Ne1 h5 25. Qe2 Qa4 26. Nd3 Qxa5 27. Nf4 Rhg8 28. Nxh5 Qa4 29. Nf4 Qc6 30. Rc1 Qd7 31. Rcb1 Qc6 32.
Rc1 Qd7 33. Rbc2 Nc6 34. Rxc6 bxc6 35. Qxa6+ Kd8 36. Qa8+ Qc8 37. Nxe6+ 1-0

[Event "*** SCC Grand Prix: Titled Tuesday Blitz"]
[Site "Chess.com"]
[Date "2020.06.09"]
[Round "6"]
[White "LionTheLeon_06"]
[Black "dretch"]
[Result "0-1"]
[WhiteElo "2686"]
[BlackElo "2807"]
[TimeControl "180+1"]
[EndTime "10:06:45 PDT"]
[Termination "dretch won on time"]

1. d4 d5 2. c4 c6 3. Nf3 Nf6 4. g3 g6 5. Qa4 dxc4 6. Qxc4 Be6 7. Qa4 Bg7 8. Nc3 O-O 9. Bg2 Nbd7 10. O-O Nb6 11.
Qc2 Bf5 12. e4 Bg4 13. Rd1 Qc8 14. b3 c5 15. Be3 cxd4 16. Bxd4 Rd8 17. Rac1 Bh6 18. e5 Bxc1 19. exf6 Ba3 20. Qe2 Qe6 21. Ne4 Rac8 22. h3 Bf5 23. Nfg5 Qd7 24. fxe7 Bxe7 25. g4 Bxe4 26. Nxe4 Qe6 27. Qf3 Rd7 28. g5 Rcd8 29.
Re1 Qf5 30. Nf6+ Bxf6 31. Bxf6 Qxf3 32. Bxf3 Rb8 33. Re5 Kf8 0-1

[Event "*** SCC Grand Prix: Titled Tuesday Blitz"]
[Site "Chess.com"]
[Date "2020.06.09"]
[Round "6"]
[White "GjakanTati"]
[Black "doctorcristian"]
[Result "1-0"]
[WhiteElo "2596"]
[BlackElo "2422"]
[TimeControl "180+1"]
[EndTime "10:06:45 PDT"]
[Termination "GjakanTati won by resignation"]

1. d4 Nf6 2. c4 c5 3. d5 e5 4. Nc3 d6 5. g3 Be7 6. Bg2 Nbd7 7. Nf3 Nf8 8. O-O Ng6 9. e4 O-O 10. Ne1 h6 11. Be3 Bd7 12. Nd3 Ng4 13. Bd2 Qc8 14.
f4 exf4 15. gxf4 Bf6 16. Ne2 Bd4+ 17. Nxd4 cxd4 18. Rc1 Nh4 19. Qe2 Nxg2 20. Qxg2 Ne3 21. Bxe3 Bh3 22. Qg3 dxe3 23. Rf3 Bg4 24. Rxe3 f5 25.
e5 dxe5 26. fxe5 g5 27. Ree1 f4 28. Qf2 Qf5 29. Nc5 Rfe8 30. e6 Rac8 31. Nxb7 Bh3 32.
Rc3 Rb8 33. Nd6 Qg4+ 34. Kh1 Re7 35. Rg1 Qh5 36. Qxf4 Rf8 37. Qg3 Bf5 38. Nxf5 Rxf5 39. Re3 Rf4 40. Qxf4 1-0

[Event "*** SCC Grand Prix: Titled Tuesday Blitz"]
[Site "Chess.com"]
[Date "2020.06.09"]
[Round "6"]
[White "Shoooting_Star"]
[Black "guillembaches"]
[Result "1-0"]
[WhiteElo "2716"]
[BlackElo "2477"]
[TimeControl "180+1"]
[EndTime "10:06:45 PDT"]
[Termination "Shoooting_Star won on time"]

1. d4 Nf6 2. c4 e6 3. Nc3 Bb4 4. f3 c5 5. d5 d6 6. e4 O-O 7.
Ne2 Re8 8. Nf4 exd5 9. cxd5 a6 10. Be2 b5 11. O-O Nbd7 12. a4 bxa4 13. Rxa4 Ne5 14. Nd3 Bd7 15. Ra1 Nxd3 16. Bxd3 a5 17. Bg5 h6 18. Bh4 Qb6 19. Kh1 Nh7 20. f4 c4 21.
Bxc4 Bxc3 22. bxc3 Rxe4 23. Bd3 f5 24. Bxe4 fxe4 25. f5 Rf8 26. f6 g5 27. Bf2 e3 28.
Bg3 Rxf6 29. Qd3 Kg7 30. Rae1 a4 31. Rxf6 Nxf6 32. Qxe3 Qxe3 33. Rxe3 Nxd5 34. Rd3 Bc6 35. Bxd6 Kf6 36. c4 Nb6 37. c5 Nc4 38. Rd4 Nb2 39. Bc7 a3 40. Rd6+ Ke5 41. Rxc6+ 1-0

[Event "*** SCC Grand Prix: Titled Tuesday Blitz"]
[Site "Chess.com"]
[Date "2020.06.09"]
[Round "6"]
[White "robertofabregas"]
[Black "ChronicUnhappiness"]
[Result "0-1"]
[WhiteElo "2104"]
[BlackElo "2318"]
[TimeControl "180+1"]
[EndTime "10:06:45 PDT"]
[Termination "ChronicUnhappiness won on time"]

1. c4 e6 2. Nf3 d5 3. d4 Nf6 4. g3 c5 5. e3 Nc6 6. Bg2 dxc4 7. O-O Be7 8. dxc5 Qxd1 9. Rxd1 Bxc5 10. Nbd2 c3 11.
bxc3 Ke7 12. Nd4 Bd7 13. N2b3 Nxd4 14. cxd4 Bd6 15. Bxb7 Rab8 16. Bg2 Nd5 17. Bd2 Nb4 18. Rdc1 Nd3 19. Rc3 Bb5 20. Bf1 Nb4 21. Nc5 Bxf1 22. Kxf1 Nd5 23. Ra3 Bxc5 24. dxc5 Rb7 25. e4 Nf6 26.
Bf4 Rc8 27. Bd6+ Ke8 28. Rb3 Rd7 29. e5 Ne4 30. Ke2 f6 31. Rab1 fxe5 32. Rb8 Kd8 33.
Rxc8+ Kxc8 0-1

[Event "*** SCC Grand Prix: Titled Tuesday Blitz"]
[Site "Chess.com"]
[Date "2020.06.09"]
[Round "6"]
[White "RitvarsReimanis"]
[Black "GukeshDommaraju"]
[Result "0-1"]
[WhiteElo "2483"]
[BlackElo "2652"]
[TimeControl "180+1"]
[EndTime "10:06:46 PDT"]
[Termination "GukeshDommaraju won on time"]

1. d4 d5 2. c4 e6 3. Nf3 Nf6 4.
Nc3 Bb4 5. cxd5 exd5 6. Bg5 h6 7.
Bh4 c5 8. e3 c4 9. Be2 Nc6 10.
O-O g5 11. Bg3 Bxc3 12. bxc3 Ne4 13. Qc1 h5 14. h3 h4 15. Bh2 g4 16. hxg4 Bxg4 17.
Qb2 Qd7 18. Ne5 Nxe5 19. Bxe5 Bxe2 20. Bxh8 Bxf1 21. Rxf1 O-O-O 22. Be5 h3 23. g3 h2+ 24. Kg2 f6 25. Bf4 Rh8 26. Kh1 Qf5 27. f3 Ng5 28.
Bxg5 fxg5 29. g4 Qd3 30. Qc1 Re8 31. Re1 Rf8 32. Kg2 h1=Q+ 33. Kxh1 Rxf3 34. Kg2 Qe4 0-1

[Event "*** SCC Grand Prix: Titled Tuesday Blitz"]
[Site "Chess.com"]
[Date "2020.06.09"]
[Round "6"]
[White "GMCarbone"]
[Black "Ginger_GM"]
[Result "0-1"]
[WhiteElo "2372"]
[BlackElo "2568"]
[TimeControl "180+1"]
[EndTime "10:06:46 PDT"]
[Termination "Ginger_GM won on time"]

1. d4 Nf6 2. c4 e5 3. dxe5 Ne4 4. a3 d6 5. Nf3 Bf5 6. Bf4 Nc6 7. Nbd2 dxe5 8. Nxe4 exf4 9. Nc3 Bd6 10. g3 Qf6 11. Bg2 O-O-O 12. Qa4 fxg3 13. hxg3 Bc5 14. O-O Nd4 15.
Nxd4 Bxd4 16. Nb5 a6 17. Nxd4 Rxd4 18. Qb3 Be4 19. Rad1 Bxg2 20. Kxg2 Rhd8 21. Rxd4 Qxd4 22.
Rc1 f6 23. e3 Qe4+ 24. Kg1 h5 25. Qc2 Qf3 26. Re1 h4 27. Qe2 Qe4 28. gxh4 Qxh4 29. Qf3 Rh8 30. Kf1 Qxc4+ 31. Kg2 Qh4 0-1

[Event "*** SCC Grand Prix: Titled Tuesday Blitz"]
[Site "Chess.com"]
[Date "2020.06.09"]
[Round "6"]
[White "Sueetin"]
[Black "isainz"]
[Result "0-1"]
[WhiteElo "2353"]
[BlackElo "2165"]
[TimeControl "180+1"]
[EndTime "10:06:46 PDT"]
[Termination "isainz won on time"]

1. d4 Nf6 2. c4 g6 3. Nc3 Bg7 4. Nf3 O-O 5. Bg5 d6 6. e3 Nbd7 7. Be2 c5 8. d5 a6 9. O-O Rb8 10. a4 b6 11. Nd2 Ne5 12. h3 h6 13. Bh4 Kh7 14. f4 Ned7 15. Bd3 Kg8 16. Qc2 b5 17. axb5 axb5 18. Nxb5 Qb6 19. b3 Ba6 20. Nc3 Ra8 21. Kh1 Rfb8 22. e4 Qb4 23. Rae1 Nh5 24. e5 dxe5 25. fxe5 Nxe5 26. Nce4 g5 27. Bxg5 hxg5 28. Nxg5 Ng3+ 29. Kh2 Nxf1+ 30. Bxf1 Bc8 31. Qh7+ Kf8 0-1